 Dungeon Crawl Stone Soup version 0.24.0-13-gcf9b3192b9 (webtiles) character file.

Game seed: 2674609749417134801, levelgen mode: deterministic

576 Dycilia the Grave Robber (level 7, 0/36 HPs)
             Began as a Deep Elf Necromancer on Nov 8, 2019.
             Was an Initiate of Sif Muna.
             Killed by nerve-wracking pain
             ... invoked by Menkaure
              (7 damage)
             ... on level 5 of the Dungeon.
             The game lasted 00:24:55 (5071 turns).

Dycilia the Grave Robber (Deep Elf Necromancer)     Turns: 5071, Time: 00:24:56

Health: 0/36       AC:  8    Str:  6    XL:     7   Next: 12%
Magic:  13/17      EV: 14    Int: 21    God:    Sif Muna [......]
Gold:   339        SH:  6    Dex: 15    Spells: 12/17 levels left

rFire    + . .     SeeInvis .   m - +1 dagger
rCold    + . .     Gourm    .   (no shield)
rNeg     . . .     Faith    .   x - +0 leather armour
rPois    .         Spirit   .   v - +0 helmet
rElec    .         Reflect  +   a - +2 cloak
rCorr    .         Harm     .   (no gloves)
MR       .....                  b - +0 pair of boots
Stlth    ++........             g - +6 amulet of reflection
HPRegen  0.12/turn              p - ring of protection from cold
MPRegen  0.15/turn              k - ring of protection from fire

@: no status effects
A: no striking features
a: Renounce Religion


You were on level 5 of the Dungeon.
You worshipped Sif Muna.
Sif Muna was noncommittal.
You were not hungry.

You visited 2 branches of the dungeon, and saw 6 of its levels.
You also visited: Ossuary.

You collected 339 gold pieces.

Inventory:

Hand Weapons
 m - a +1 dagger (weapon)
Armour
 a - a +2 cloak (worn)
 b - a +0 pair of boots (worn)
 r - a cursed +0 ring mail
 v - a +0 helmet (worn)
 x - a +0 leather armour (worn)
Jewellery
 d - an uncursed amulet of rage
 g - a +6 amulet of reflection (around neck)
 i - an uncursed ring of fire
 k - a ring of protection from fire (right hand)
 p - a ring of protection from cold (left hand)
 w - a +2 ring of intelligence
Wands
 s - a wand of flame (11)
Scrolls
 e - 2 scrolls of identify
 f - 2 scrolls of teleportation
 h - 4 scrolls of remove curse
 j - 2 scrolls of amnesia
 y - a scroll of enchant weapon
Potions
 l - 2 potions of brilliance
 n - a potion of invisibility {unknown}
 o - a potion of heal wounds {unknown}
 q - 2 potions of haste
 t - 2 potions of flight {unknown}
Comestibles
 c - 7 rations
 u - 7 chunks of flesh


   Skills:
 + Level 5.0 Dodging
 - Level 2.4 Stealth
 + Level 5.6 Spellcasting
 + Level 7.6 Necromancy
 * Level 2.5 Invocations


You had 12 spell levels left.
You knew the following spells:

 Your Spells              Type           Power        Failure   Level  Hunger
a - Pain                  Necr           ####         1%          1    None
b - Animate Skeleton      Necr           N/A          1%          1    None
c - Vampiric Draining     Necr           #####.....   1%          3    ##.....

Your spell library contained the following spells:

 Spells                   Type           Power        Failure   Level  Hunger
 Animate Dead             Necr           N/A          7%          4    ####...
 Regeneration             Chrm/Necr      ###.......   10%         3    ##.....


Dungeon Overview and Level Annotations

Branches:
Dungeon (5/15)             Temple (1/1) D:4         Ossuary (visited)

Altars:
Sif Muna
Xom

Annotations:
D:5 Menkaure


Message History

Things that are here:
7 gold pieces; a hound corpse Menkaure mumbles some strange words.
Menkaure seems to speed up.
Your orc skeleton hits Menkaure but does no damage.
Menkaure hits your orc skeleton!!
Your orc skeleton is destroyed!
Some of the chunks of flesh in your inventory have rotted away.
Menkaure calls on the powers of darkness!
Your body is wracked with pain!
Menkaure gestures at you while chanting.
Pain shoots through your body!
* * * LOW HITPOINT WARNING * * *
Found 5 gold pieces.
You see here 5 gold pieces.
Found 17 bolts.
A giant cockroach comes into view.
Menkaure points at you and mumbles some strange words.
Pain shoots through your body!
You die...

..>..............#####
##5####.####..........
# ##########)##...#
#...M....$...#..#
#M########.#.#..# #.#
#.#.#..# #$# #.#.#..#
#.#.##### #.#....###
#...@...# #.####Z...
#......(# #.# #...#
#.......# #.# #....
#.......# ##..#
#.......# #.#####..#
#.......' .........#
#.......## #.######..
#.#.s.... .........
.#######.


You could see Menkaure and a giant cockroach (sleeping).

Vanquished Creatures
  An ogre (D:5)
  A howler monkey (D:4)
  An orc priest (D:4)
  A bullfrog skeleton (D:4)
  An iguana (D:4)
  Natasha (thrice) (D:4)
  An orc wizard (D:3)
  A worker ant (D:4)
  7 adders
  6 gnolls
  An ooze (D:2)
  An adder zombie (D:5)
  2 worms (D:2)
  A dart slug (D:3)
  A leopard gecko (D:3)
  8 orcs
  5 ball pythons
  7 bats
  4 giant cockroaches
  5 goblins
  2 hobgoblins (D:1)
  10 jackals
  A quokka (D:4)
  3 frilled lizards (D:2)
  2 goblin zombies (D:5)
  5 kobolds
  4 rats
85 creatures vanquished.

Vanquished Creatures (collateral kills)
  A crimson imp (D:5)
  A hound (D:5)
  An orc (D:5)
  2 goblins
  A quokka (D:4)
6 creatures vanquished.

Grand Total: 91 creatures vanquished

Notes
Turn   | Place    | Note
-------+----------+-------------------------------------------
     0 | D:1      | Dycilia the Deep Elf Necromancer began the quest for the
                  | Orb.
     0 | D:1      | Reached XP level 1. HP: 10/10 MP: 6/6
     2 | D:1      | Learned a level 1 spell: Animate Skeleton
   437 | D:1      | Reached skill level 5 in Necromancy
   701 | D:1      | Reached XP level 2. HP: 15/15 MP: 6/8
  1395 | D:2      | Reached XP level 3. HP: 15/19 MP: 8/10
  1590 | D:2      | Learned a level 3 spell: Vampiric Draining
  1892 | D:2      | Reached XP level 4. HP: 19/24 MP: 6/11
  1958 | D:2      | Reached skill level 6 in Necromancy
  2148 | D:2      | Found a shimmering altar of Xom.
  2521 | D:3      | Reached XP level 5. HP: 20/28 MP: 8/13
  3576 | D:4      | Reached skill level 7 in Necromancy
  3686 | D:4      | Reached skill level 5 in Spellcasting
  3686 | D:4      | Reached XP level 6. HP: 31/32 MP: 12/15
  3724 | D:4      | Found a staircase to the Ecumenical Temple.
  3735 | Temple   | Entered the Ecumenical Temple
  3744 | Temple   | Became a worshipper of Sif Muna the Loreminder
  4044 | D:4      | Noticed Natasha
  4049 | D:4      | Killed Natasha
  4049 | D:4      | Reached skill level 1 in Invocations
  4302 | D:4      | Noticed Natasha
  4314 | D:4      | Killed Natasha
  4472 | D:4      | Noticed Natasha
  4475 | D:4      | Killed Natasha
  4565 | D:5      | Entered Level 5 of the Dungeon
  4662 | D:5      | Noticed Menkaure
  4787 | D:5      | Found a sand-covered staircase.
  4825 | Ossuary  | Entered an ossuary
  4950 | D:5      | Reached XP level 7. HP: 35/36 MP: 1/17
  5055 | D:5      | Reached skill level 5 in Dodging
  5071 | D:5      | Killed from afar by Menkaure

Levels and vault maps discovered:
D:1:      saegor_arrival_simple_b, layout_basic
D:2:      layout_rooms, tgw_xom
D:3:      layout_rooms, first_ration
D:4:      layout_cave_pods, minmay_temple_entry_crystal_x, uniq_natasha
D:5:      layout_basic, enter_ossuary_4, chequers_serial_rivers_micro_e,
          uniq_menkaure
Temple:   hc_temple_tempest_star

Skill      XL: |  1  2  3  4  5  6  7 |
---------------+----------------------+-----
Necromancy     | 5 6 7 |  7.6
Dodging        | 3 4 5 |  5.0
Spellcasting   | 4 5 |  5.6
Invocations    | 2 |  2.5
Stealth        | |  2.4

Action                   |  1- 3 |  4- 6 |  7- 9 || total
-------------------------+-------+-------+-------++-------
Melee: Dagger            |       |    65 |       ||    65
 Cast: Pain              |    53 |   114 |     6 ||   173
       Animate Skeleton  |     9 |    18 |     2 ||    29
       Vampiric Draining |       |     7 |       ||     7
  Use: Scroll            |       |     8 |       ||     8
 Stab: Distracted        |       |     1 |       ||     1
  Eat: Chunk             |     3 |    10 |       ||    13
Armor: Robe              |       |     2 |       ||     2
       Leather armour    |       |    12 |     2 ||    14
Dodge: Dodged            |     4 |    56 |     2 ||    62
Block: Other             |       |    14 |       ||    14
       Reflection        |       |     1 |       ||     1
